 Dungeon Crawl Stone Soup version 0.22-a0-407-gb098539 (webtiles) character file.

280 CanOfBees the Chiller (level 6, -2/47 HPs)
             Began as a Merfolk Ice Elementalist on May 9, 2018.
             Slain by a hound (4 damage)
             ... on level 3 of the Dungeon.
             The game lasted 00:10:31 (5487 turns).

CanOfBees the Chiller (Merfolk Ice Elementalist)    Turns: 5487, Time: 00:10:32

Health: -2/47      AC:  2    Str: 10    XL:     6   Next: 27%
Magic:  4/10       EV: 13    Int: 14    God:
Gold:   136        SH:  0    Dex: 15    Spells: 5/11 levels left

rFire    x . .     SeeInvis .   p - +0 halberd
rCold    + . .     Gourm    .   (shield currently unavailable)
rNeg     . . .     Faith    .   a - +0 robe
rPois    .         Spirit   .   (no helmet)
rElec    .         Reflect  .   (no cloak)
rCorr    +         Harm     .   (no gloves)
MR       .....                  (no boots)
Stlth    ++........             t - amulet of the acrobat
HPRegen  0.15/turn              k - ring of ice
MPRegen  0.12/turn              n - ring of resist corrosion

@: no status effects
A: change form in water, swift swim, stealthy swim
a: no special abilities


You were on level 3 of the Dungeon.
You were hungry.

You visited 1 branch of the dungeon, and saw 4 of its levels.

You collected 136 gold pieces.

Inventory:

Hand Weapons
 f - a +0 short sword
 i - a +0 spear
 m - a +1 dagger of venom
 p - a +0 halberd (weapon)
Missiles
 e - 2 throwing nets (quivered)
 u - 3 javelins
Armour
 a - a +0 robe (worn)
 q - a +0 leather armour
Jewellery
 k - a ring of ice (left hand)
 n - a ring of resist corrosion (right hand)
 t - an amulet of the acrobat (around neck)
Scrolls
 b - 2 scrolls of remove curse
 g - 2 scrolls of fear {unknown}
 h - a scroll of fog {unknown}
 r - 2 scrolls of magic mapping
 s - a scroll of teleportation {unknown}
Potions
 d - a potion of berserk rage {unknown}
 o - a potion of might {unknown}
Comestibles
 c - 5 rations


   Skills:
 + Level 3.1 Fighting
 + Level 3.8 Polearms
 - Level 3.0 Dodging
 - Level 2.1 Stealth
 + Level 3.1 Spellcasting
 + Level 1.1 Conjurations
 - Level 2.0 Charms
 - Level 4.0 Ice Magic


You had 5 spell levels left.
You knew the following spells:

 Your Spells              Type           Power        Failure   Level  Hunger
a - Freeze                Ice            ###.         4%          1    #......
b - Throw Frost           Conj/Ice       ##....       11%         2    ##.....
c - Ozocubu's Armour      Chrm/Ice       ###.....     19%         3    ###....


Dungeon Overview and Level Annotations

Branches:
Dungeon (4/15)
 Temple: D:4-7

Altars:

Annotations:
D:3 Sigmund


Message History

* * * LOW HITPOINT WARNING * * *
You miss the hound.
The hound is heavily wounded.
The hound barely misses you.
You barely miss the hound.
The hound is heavily wounded.
The hound bites you.
* * * LOW HITPOINT WARNING * * *
The hound bites you.
* * * LOW HITPOINT WARNING * * *
A giant cockroach comes into view.
Casting: Freeze (safe; 4% risk of failure)
Confirm with . or Enter, or press ? or * to list all spells.
Aiming: Freeze (safe; 4% risk of failure)
Press: ? - help, Shift-Dir - straight line, f/p - hound
Aim: a hound (heavily wounded)
You feel a surge of power!
You freeze the hound.
The hound is severely wounded.
The hound bites you.
You die...

#.#.# #####
#.........# #.#.#
#...# #.........#
#.#.# #...#
#.........#
###.#.###...#
#.........#
#...........#
#..#.######
#####.###...# #..#.#
## #s###...####..#.#
#. #.........(.(.#.#
#.
##########@######.#.#
#. #....)...#h# #.#.#
#. ####)###.#.# #.#.#
#. #.# #.#.######.#.#
#. #.#
#.#..........######.
#.#
#.########........#.
#.# #.# #........#.
#.# #.# #........#.
#.# #.# #........#.


You could see a hound and a giant cockroach.

Vanquished Creatures
  A crimson imp (D:3)
  An orc priest (D:3)
  A worker ant (D:3)
  5 adders
  4 gnolls
  An adder skeleton (D:4)
  2 worms
  3 dart slugs
  7 leopard geckos
  4 orcs
  4 giant cockroaches
  8 goblins
  13 hobgoblins
  3 jackals (D:1)
  A ball python (D:2)
  7 bats
  8 frilled lizards
  11 kobolds
  5 rats
89 creatures vanquished.

Notes
Turn   | Place    | Note
-------+----------+-------------------------------------------
     0 | D:1      | CanOfBees the Merfolk Ice Elementalist began the quest for the Orb.
     0 | D:1      | Reached XP level 1. HP: 13/13 MP: 3/3
   309 | D:1      | Reached XP level 2. HP: 19/19 MP: 3/5
   914 | D:1      | Reached XP level 3. HP: 25/25 MP: 3/6
   987 | D:1      | Reached skill level 1 in Fighting
  1772 | D:1      | Reached skill level 1 in Polearms
  1772 | D:1      | Reached skill level 4 in Ice Magic
  2035 | D:1      | Reached XP level 4. HP: 18/32 MP: 0/8
  2177 | D:1      | Learned a level 2 spell: Throw Frost
  2181 | D:1      | Learned a level 3 spell: Ozocubu's Armour
  2926 | D:2      | Reached skill level 1 in Charms
  2926 | D:2      | Reached XP level 5. HP: 14/38 MP: 5/9
  3819 | D:3      | Noticed Sigmund
  5072 | D:3      | Reached skill level 1 in Conjurations
  5072 | D:3      | Reached XP level 6. HP: 30/47 MP: 5/10
  5486 | D:3      | HP: 2/47 [hound (4)]
  5487 | D:3      | Slain by a hound

Vault maps used:
D:1:      minmay_arrival_open_corners
D:2:      minmay_vboxes
D:3:      first_ration, uniq_sigmund
D:4:      minmay_temple_entry_glassed_door

Skill      XL: |  1  2  3  4  5 |
---------------+----------------+-----
Dodging        | 3 |  3.0
Fighting       | 1 2 3 |  3.1
Polearms       | 1 2 3 |  3.8
Ice Magic      | 4 |  4.0
Charms         | 1 2 |  2.0
Spellcasting   | 3 |  3.1
Conjurations   | 1 |  1.1
Stealth        | |  2.1

Action                   |  1- 3 |  4- 6 || total
-------------------------+-------+-------++-------
Melee: Dagger            |    14 |       ||    14
       Short sword       |    40 |       ||    40
       Spear             |     6 |    15 ||    21
       Halberd           |       |    69 ||    69
Throw: Throwing net      |       |     3 ||     3
 Cast: Freeze            |    40 |    55 ||    95
       Throw Frost       |       |     3 ||     3
       Ozocubu's Armour  |       |     1 ||     1
  Use: Scroll            |       |     5 ||     5
 Stab: Sleeping          |     3 |     7 ||    10
       Held in net/web   |       |     1 ||     1
  Eat: Chunk             |     4 |    11 ||    15
Armor: Robe              |     8 |    11 ||    19
Dodge: Dodged            |    62 |    68 ||   130

Table legend:
 A = Spawn XP
 B = Non-spawn XP
 C = Spawn XP percentage of total XP
 D = Spawn monster count
 E = Non-spawn monster count
 F = Spawn count percentage of total count
 G = Total turns spent on level
                    A         B        C        D         E        F      G
               +---------+---------+-------+---------+---------+-------+---------
         Total |       0 |     400 |   0.0 |       0 |      89 |   0.0 |  5487
               +---------+---------+-------+---------+---------+-------+---------
           D:1 |       0 |      93 |   0.0 |       0 |      34 |   0.0 |  2249
           D:2 |       0 |     105 |   0.0 |       0 |      26 |   0.0 |  1388
           D:3 |       0 |     194 |   0.0 |       0 |      27 |   0.0 |  1832
           D:4 |       0 |       8 |   0.0 |       0 |       2 |   0.0 |    18
               +---------+---------+-------+---------+---------+-------+---------
